 Dungeon Crawl Stone Soup version 0.17.1-3-g152610e (webtiles) character file.

593 MrTails the Skirmisher (level 7, -3/44 HPs)
             Began as a Gargoyle Fighter on Feb 18, 2016.
             Was an Initiate of Trog.
             Killed by divine providence
             ... invoked by an orc priest
              (12 damage)
             ... on level 4 of the Dungeon.
             The game lasted 00:07:12 (3651 turns).

MrTails the Skirmisher (Gargoyle Fighter)           Turns: 3651, Time: 00:07:12

Health: -3/44      AC: 13    Str: 21    XL:     7   Next: 39%
Magic:  7/7        EV:  7    Int:  9    God:    Trog [......]
Gold:   156        SH:  9    Dex:  9    Spells: 0 memorised, 6 levels left

rFire  . . .     SeeInvis .     a - +0 war axe
rCold  . . .     Clarity  .     b - +0 scale mail
rNeg   + . .     SustAt   .     c - +0 shield
rPois  ∞         Gourm    .     u - +0 helmet
rElec  +         Spirit   .     (no cloak)
rCorr  .         Warding  .     (no gloves)
rMut   .         Stasis   .     (no boots)
MR     .....                    (no amulet)
Stlth  ..........               (no ring)
                                (no ring)

@: not resistant to hostile enchantments, extremely unstealthy
A: negative energy resistance 1, electricity resistance, unbreathing,
petrification resistance, rot immunity, AC +4
a: Burn Spellbooks, Renounce Religion


You were on level 4 of the Dungeon.
You worshipped Trog.
Trog was noncommittal.
You were not hungry.

You visited 1 branch of the dungeon, and saw 4 of its levels.

You collected 156 gold pieces.

Inventory:

Hand Weapons
 a - a +0 war axe (weapon)
Armour
 b - a +0 scale mail (worn)
 c - a +0 shield (worn)
 u - a +0 helmet (worn)
Jewellery
 v - an uncursed ring of protection from magic {unknown}
Wands
 n - a wand of slowing (31)
Scrolls
 h - 3 scrolls of identify {unknown}
 i - 2 scrolls of random uselessness {unknown}
 j - a scroll of magic mapping {unknown}
 o - 2 scrolls of remove curse {unknown}
 q - a scroll of enchant armour {unknown}
 t - 2 scrolls of fog {unknown}
 w - a scroll of recharging {unknown}
Potions
 f - a potion of mutation {unknown}
 g - a potion of heal wounds {unknown}
 l - 3 potions of poison {unknown}
 m - a potion of beneficial mutation {unknown}
 p - a potion of curing {unknown}
 r - 2 potions of cure mutation {unknown}
 s - a potion of resistance {unknown}
 x - 2 potions of haste {unknown}
 z - 2 potions of brilliance {unknown}
Comestibles
 d - 2 chunks of flesh
 e - 2 bread rations


   Skills:
 + Level 5.1 Fighting
 * Level 4.6 Axes
 + Level 5.0 Armour
 - Level 0.1 Dodging
 + Level 4.8 Shields


You had 6 spell levels left.
You didn't know any spells.

Dungeon Overview and Level Annotations

Branches:
Dungeon (4/15)
 Temple: D:4-7

Altars:
Ashenzari
Cheibriados
Elyvilon
Fedhas
Trog
Yredelemnul

Annotations:
D:4 Dustman's ghost, novice HuGl


Innate Abilities, Weirdness & Mutations

You are resistant to torment.
Your stone body is resilient (AC +4).
You are immune to poison.
You resist negative energy.
You are resistant to electric shocks.
You can survive without breathing.
You are immune to petrification.
You are immune to rotting.


Message History

Trog accepts your kill. You block its attack.
Unknown command.
You hit the orc priest.
The orc priest is moderately wounded.
The orc priest hits you with a flail of protection.
Something hits you but does no damage.
Unknown command.
You closely miss the orc priest.
The orc priest is moderately wounded.
The orc priest hits you but does no damage.
Something hits you but does no damage.
The orc priest mumbles some strange prayers to Beogh against you.
Something smites you!
* * * LOW HITPOINT WARNING * * *
You are too injured to fight recklessly!
Unknown command.
The orc priest mumbles some strange prayers to Beogh against you.
Something smites you!
You die...

####........##....##.....########
##.#........##....##.....##......
...###########....##.....##......
##.# #....##.....##...... #.#
#....##.....##...... #.#
#....##.....##....). #.#
#....##.....##...... #.#
#....o)o....''...... #.########
#..@###............. #.##.....#
#...# #.............
#.##.....####.>.# #.............
#.##.....'......# #.....##......
#.##.....#####'## #.....##......
#.##.######..#.# ########......
#.##.# #..#.# #......# #.##.#
#..#.# #......# #.##.# #..#.#
#......#


You could see an orc priest and an orc.

Vanquished Creatures
  Eustachio (D:4)
  Blork the orc (D:4)
  Jessica (D:2)
  A hound (D:4)
  3 orc wizards
  2 worker ants (D:4)
  4 gnolls (D:3)
  5 adders
  3 oozes
  2 worms
  3 giant geckos
  13 orcs
  9 bats
  3 giant cockroaches
  12 goblins
  11 hobgoblins
  6 jackals
  2 quokkas
  A ball python (D:3)
  2 giant newts
  9 kobolds
  5 rats
99 creatures vanquished.

Notes
Turn   | Place    | Note
--------------------------------------------------------------
     0 | D:1      | MrTails the Gargoyle Fighter began the quest for the Orb.
     0 | D:1      | Reached XP level 1. HP: 14/14 MP: 1/1
    68 | D:1      | Reached XP level 2. HP: 19/19 MP: 2/2
   220 | D:1      | Found a shattered altar of Ashenzari.
   298 | D:1      | Reached XP level 3. HP: 23/23 MP: 3/3
   653 | D:2      | Noticed Jessica
   670 | D:2      | Killed Jessica
   670 | D:2      | Reached skill level 4 in Armour
   670 | D:2      | Reached XP level 4. HP: 21/29 MP: 4/4
  1337 | D:3      | Reached XP level 5. HP: 27/33 MP: 5/5
  1778 | D:3      | Found a blossoming altar of Fedhas.
  1791 | D:3      | Found a bloodstained altar of Trog.
  1791 | D:3      | Found a basalt altar of Yredelemnul.
  1792 | D:3      | Found a snail-covered altar of Cheibriados.
  1795 | D:3      | Found a white marble altar of Elyvilon.
  1863 | D:3      | Became a worshipper of Trog the Wrathful
  2167 | D:3      | Reached XP level 6. HP: 21/38 MP: 6/6
  2604 | D:4      | Noticed Eustachio
  2625 | D:4      | Noticed Dustman's ghost (novice HuGl)
  2641 | D:4      | Killed Eustachio
  2641 | D:4      | Reached XP level 7. HP: 37/44 MP: 7/7
  3533 | D:4      | Noticed Blork the orc
  3547 | D:4      | Killed Blork the orc
  3547 | D:4      | Reached skill level 5 in Fighting
  3564 | D:4      | Reached skill level 5 in Armour
  3651 | D:4      | Killed from afar by an orc priest

Action                   |  1- 3 |  4- 6 |  7- 9 || total
-------------------------+-------+-------+-------++-------
Melee: War axe           |    86 |   226 |    83 ||   395
  Use: Potion            |       |       |     1 ||     1
  Eat: Meat ration       |       |     1 |       ||     1
       Pizza             |       |       |     2 ||     2
       Chunk             |       |       |     2 ||     2
